AoeStats
← 清融

Black Forest

508587624Analyzed
2v2 RM · 10d ago on Sep 23, 2026· 55m 48s· 4 players
Game mode
Random Map
Map size
Medium (4 player)
Population
200
Speed
Normal
Resources
Standard
Victory
Conquest
Starting age
Dark Age
Ending age
Imperial Age
RankedLock teamsTeams togetherTeam positionsShared explorationLock speedFull tech treeHidden civsTurbo modeCheats
Victory
Defeat
🇨🇳 Turks · China
771
+11
🇨🇳 Danes · China
748
+12
🇲🇽 Byzantines · Mexico
662
-12
🇲🇽 Japanese · Mexico
652
-11
伐木王
0:34 Loom
1:09 Loom
13:49 Feudal Age
14:31 Double-Bit Axe
14:29 Horse Collar
14:50 Gold Mining
19:43 Castle Age
22:14 Bow Saw
24:33 Stone Mining
25:22 Gold Shaft Mining
25:55 Stone Shaft Mining
31:41 Imperial Age
29:48 Wheelbarrow
31:09 Hand Cart
33:00 Town Watch
33:27 Pikeman
34:08 Squires
33:55 Arson
33:47 Elite Varangian Guard
34:29 Squires
37:18 Capped Ram
38:22 Scale Mail Armor
38:32 Forging
37:51 Onager
37:54 Capped Ram
38:26 Arson
39:03 Hamask
39:04 Northmen's Fury
40:10 Conscription
40:39 Siege Ram
40:43 Siege Onager
41:44 Heavy Scorpion
43:18 Town Patrol
44:46 Chain Mail Armor
45:07 Iron Casting
47:13 Plate Mail Armor
47:44 Blast Furnace
46:45 Padded Archer Armor
46:35 Fletching
53:49 Leather Archer Armor
53:29 Bodkin Arrow
清融
12:36 Feudal Age
13:36 Double-Bit Axe
13:35 Horse Collar
20:36 Castle Age
19:19 Gold Mining
19:20 Stone Mining
19:26 Fletching
20:58 Wheelbarrow
20:09 Loom
20:11 Town Watch
21:14 Forging
21:51 Bow Saw
22:07 Heavy Plow
23:08 Hand Cart
33:15 Imperial Age
30:47 Town Patrol
31:35 Sipahi
34:25 Gold Shaft Mining
33:37 Elite Janissary
34:39 Conscription
35:33 Two-Man Saw
35:09 Artillery
35:51 Iron Casting
35:11 Bodkin Arrow
35:54 Scale Barding Armor
35:50 Scale Mail Armor
35:51 Padded Archer Armor
38:25 Chain Barding Armor
39:06 Blast Furnace
38:10 Bracer
39:02 Ballistics
38:33 Heated Shot
38:27 Treadmill Crane
39:26 Chain Mail Armor
40:32 Hoardings
42:33 Plate Barding Armor
42:13 Leather Archer Armor
45:19 Husbandry
45:30 Bloodlines
44:41 Cavalier
44:42 Heavy Camel Rider
45:30 Arrowslits
45:36 Guard Tower
45:56 Fortified Wall
45:42 Murder Holes
45:58 Masonry
46:10 Bombard Tower
46:23 Plate Mail Armor
46:23 Ring Archer Armor
Marco Polo II
15:25 Feudal Age
21:52 Castle Age
19:37 Horse Collar
19:49 Double-Bit Axe
21:40 Wheelbarrow
20:57 Gold Mining
21:23 Stone Mining
26:15 Bow Saw
28:10 Hand Cart
28:24 Heavy Plow
35:19 Imperial Age
33:06 Loom
33:08 Town Watch
33:42 Fortified Wall
34:21 Squires
33:41 Pikeman
33:44 Man-at-Arms
34:09 Gambesons
35:17 Town Patrol
36:26 Gold Shaft Mining
37:17 Two-Man Saw
35:46 Halberdier
35:46 Long Swordsman
36:46 Two-Handed Swordsman
38:20 Caravan
39:34 Forging
39:24 Scale Mail Armor
39:31 Scale Barding Armor
38:50 Elite Skirmisher
39:24 Capped Ram
40:20 Champion
41:20 Fletching
41:30 Padded Archer Armor
42:36 Kataparuto
42:52 Murder Holes
42:38 Treadmill Crane
43:08 Masonry
44:00 Chemistry
43:51 Iron Casting
43:31 Chain Mail Armor
43:57 Onager
47:44 Ballistics
47:11 Arrowslits
47:31 Siege Engineers
47:32 Padded Archer Armor
47:27 Bodkin Arrow
48:33 Blast Furnace
48:03 Plate Mail Armor
47:54 Chain Barding Armor
48:17 Crossbowman
49:02 Thumb Ring
TruG-moto
0:28 Loom
16:43 Feudal Age
25:31 Castle Age
24:00 Horse Collar
24:08 Double-Bit Axe
37:52 Imperial Age
35:26 Heavy Plow
35:41 Bow Saw
35:46 Caravan
37:34 Wheelbarrow
36:35 Pikeman
39:00 Conscription
39:45 Chemistry
39:06 Ballistics
40:26 Crop Rotation
40:59 Two-Man Saw
39:37 Elite Skirmisher
39:45 Halberdier
40:27 Squires
40:13 Arson
43:54 Onager
44:07 Light Cavalry
44:47 Husbandry
46:45 Hand Cart
46:01 Hussar
47:54 Scale Barding Armor
47:50 Padded Archer Armor
47:50 Scale Mail Armor
48:00 Forging
47:40 Fletching
50:31 Chain Mail Armor
50:31 Leather Archer Armor
50:37 Chain Barding Armor
51:23 Elite Cataphract
54:56 Plate Mail Armor
54:56 Ring Archer Armor
54:22 Bodkin Arrow
Connection lost

Rejoining the realm…

Still unreachable

The connection could not be restored.

Session expired

The server has moved on; the page needs a fresh start.